 Dungeon Crawl Stone Soup version 0.30-a0-169-g06f667207d (webtiles) character file.

Game seed: 807046281449806599

2453 qw the Cleaver (level 9, -8/56 HPs)
             Began as a Gargoyle Fighter on Sept 30, 2022.
             Mangled by an ice beast (12 damage)
             ... on level 7 of the Dungeon.
             The game lasted 00:02:25 (6241 turns).

qw the Cleaver (Gargoyle Fighter)                   Turns: 6241, Time: 00:02:26

Health: -8/56      AC: 22    Str: 25    XL:     9   Next: 50%
Magic:  9/9        EV:  5    Int:  8    God:
Gold:   335        SH: 13    Dex:  9    Spells: 8/8 levels left

rFire   + . .      SeeInvis .    Y - +0 war axe
rCold   . . .      Faith    .    q - +0 kite shield
rNeg    + . .      Spirit   .    b - +0 plate armour
rPois   inf        Reflect  +    (no helmet)
rElec   +          Harm     .    (no cloak)
rCorr   .          Rampage  .    (no gloves)
Will    .....                    (no boots)
Stlth   ..........               j - amulet of reflection
HPRegen 0.18/turn                f - ring of protection from fire
MPRegen 0.11/turn                m - +4 ring of protection

@: about to teleport
A: sickness immunity, AC +6, negative energy resistance 1, electricity
resistance, torment resistance 1, petrification resistance, camouflage 2
a: no special abilities


You were on level 7 of the Dungeon.
You visited 1 branch of the dungeon, and saw 7 of its levels.

You collected 335 gold pieces.


Innate Abilities, Weirdness & Mutations

You are immune to sickness and miasma.
Your stone body is resilient. (AC +6)
You are immune to poison.
You resist negative energy. (rN+)
You are resistant to electric shocks. (rElec)
You are resistant to unholy torment.
You are immune to petrification.
Your skin blends seamlessly with your surroundings (Stealth++).


   Skills:
 - Level 6.7 Fighting
 - Level 9.0 Axes
 - Level 5.2 Armour
 - Level 1.5 Dodging
 + Level 5.6 Shields


You had 8 spell levels left.
You didn't know any spells.
Your spell library was empty.

Inventory:

Hand Weapons
 o - a +1 flail of draining
 Y - a +0 war axe (weapon)
Armour
 a - a +0 pair of boots
 b - a +0 plate armour (worn)
 q - a +0 kite shield (worn)
Jewellery
 f - a ring of protection from fire (left hand)
 j - an amulet of reflection (around neck)
 m - a +4 ring of protection (right hand)
Scrolls
 i - a scroll of teleportation
 r - a scroll of identify
Potions
 d - 3 potions of might
 e - 4 potions of haste
 g - a potion of mutation
 h - 5 potions of curing
 k - a potion of attraction {unknown}
 l - a potion of lignification {unknown}
 p - a potion of ambrosia {unknown}

Dungeon Overview and Level Annotations

Branches:
Dungeon (7/15)
 Temple: D:4-7

Altars:
Ru


Message History

The sky beast is almost dead.
You completely miss the ice beast. You closely miss the ice beast.
You hit the sky beast but do no damage. You hit the ogre.
You slash the steam dragon! You block the ogre's attack.
The ice beast closely misses you. The ice beast hits you.
The ice beast freezes you! You block the sky beast's attack.
The steam dragon bites you but does no damage.
The steam dragon claws you but does no damage.
The sky beast hits you but does no damage.
You completely miss the sky beast.
The sky beast is almost dead.
You hit the ice beast. x2; You completely miss the sky beast.
You hit the ogre. You slash the steam dragon! You block the ice beast's attack.
The ogre barely misses you. The ice beast barely misses you.
The sky beast hits you but does no damage.
The steam dragon bites you.
The steam dragon claws you but does no damage.
The sky beast hits you. The sky beast shocks you. You resist.
You slash the sky beast!
You kill the sky beast!
You slash the steam dragon! You barely miss the ice beast.
You hit the ice beast. You barely miss the sky beast. You hit the ogre.
You block the ice beast's attack.
The ice beast hits you but does no damage.
You block the steam dragon's attack.
The steam dragon claws you but does no damage.
You block the sky beast's attack.
The ogre hits you with a +0 giant spiked club!
The ice beast barely misses you.
The sky beast hits you but does no damage.
The steam dragon bites you but does no damage.
You block the steam dragon's attack. The ice beast barely misses you.
6241 ||| READING 2 scrolls of teleportation.
As you read the scroll of teleportation, it crumbles to dust.
You feel strangely unstable.
The ogre hits you with a +0 giant spiked club!
The ice beast hits you. The ice beast freezes you!
You die...

.... ......... ..#
#.......##### #.#####
#.......#...######......
........#.......##..## #
........+............#
........#.......###..###
......YO#....<....#..#..
.....nY@.........##>.#.#
......YD.###.....##.....
.....#...# #....####....
¤~~~~¤.... #.#### ###..
~~~~~¤¤#...#.# #.#
~..#.~¤¤..... #.# .$
/!¤¤~~#.#. #.#
###..~~..#.# #.# #..


You could see a steam dragon, 2 ice beasts, a sky beast, an ogre and a
necrophage.

Vanquished Creatures
  Edmund (D:6)
  A water moccasin (D:4)
  An ice beast (D:5)
  3 sky beasts
  5 black bears
  3 phantoms
  A centaur (D:5)
  Blork the orc (D:5)
  A bullfrog (D:6)
  4 scorpions
  3 necrophages (D:5)
  A howler monkey (D:5)
  4 hounds
  An orc priest (D:7)
  2 jellies
  Jessica (D:3)
  3 iguanas (D:5)
  An orc wizard (D:5)
  5 adders
  4 gnolls (D:6)
  2 white imps
  3 ufetubi
  2 dart slugs
  2 worms
  15 orcs
  2 ball pythons
  8 endoplasms
  3 giant cockroaches (D:1)
  4 goblins
  4 hobgoblins
  A jackal (D:5)
  5 quokkas
  9 bats
  6 frilled lizards
  2 kobolds
  10 rats
124 creatures vanquished.

Vanquished Creatures (others)
  A frilled lizard (D:1)
  5 plants (D:4)
6 creatures vanquished.

Grand Total: 130 creatures vanquished

Notes
Turn   | Place    | Note
-------+----------+-------------------------------------------
     0 | D:1      | qw the Gargoyle Fighter began the quest for the Orb.
     0 | D:1      | Reached XP level 1. HP: 14/14 MP: 1/1
     0 | D:1      | 0 ||| qw: Version: 0.2-a-12-gaebbb33
     0 | D:1      | 0 ||| qw: Game counter: 1402
     0 | D:1      | 0 ||| qw: Always use a shield: true
     0 | D:1      | 0 ||| qw: God list: Okawaru
     0 | D:1      | 0 ||| qw: Allow faded altars: false
     0 | D:1      | 0 ||| qw: Do Orc after D:15 true
     0 | D:1      | 0 ||| qw: Do second Lair branch before Depths: true
     0 | D:1      | 0 ||| qw: Lair rune preference: random
     0 | D:1      | 0 ||| qw: Plans: Normal, Zot:1-4, God:TSO, Crypt, Tomb,
                  | Pan, Slime:5, Hells, Abyss, Orb
     0 | D:1      | 0 ||| PLANNING D:1-11
   197 | D:1      | Reached skill level 2 in Axes
   252 | D:1      | Reached XP level 2. HP: 15/19 MP: 2/2
   642 | D:1      | 642 ||| Stepping ~*~*~tactically~*~*~ (hiding).
   645 | D:1      | 645 ||| Stepping ~*~*~tactically~*~*~ (hiding).
   652 | D:1      | Reached skill level 3 in Axes
   722 | D:1      | Reached XP level 3. HP: 23/23 MP: 3/3
  1116 | D:1      | 1116 ||| UPGRADING to +0 chain mail.
  1126 | D:1      | 1126 ||| DROPPING +0 scale mail.
  1127 | D:1      | 1127 ||| UPGRADING to ring of protection from fire.
  1128 | D:1      | 1128 ||| DROPPING ring of wizardry.
  1129 | D:1      | 1129 ||| UPGRADING to +4 ring of protection.
  1130 | D:1      | 1130 ||| READING scroll labelled EZICSO XUUNTEN.
  1131 | D:1      | 1131 ||| READING scroll labelled DEQEFU OCVATH.
  1134 | D:1      | 1134 ||| READING scroll labelled NAFAYT GULL.
  1182 | D:2      | Found a faded altar of an unknown god.
  1652 | D:2      | 1652 ||| UPGRADING to +0 plate armour.
  1662 | D:2      | 1662 ||| DROPPING +0 chain mail.
  1663 | D:2      | 1663 ||| READING scroll labelled HILINU NIUWKITS.
  1664 | D:2      | 1664 ||| READING scroll labelled COTIBA DUBRAQ.
  1665 | D:2      | 1665 ||| DRINKING 2 red potions.
  1666 | D:2      | 1666 ||| DRINKING 2 puce potions.
  1666 | D:2      | Gained mutation: Your skin changes colour to match your
                  | surroundings (Stealth+). [potion of mutation]
  1666 | D:2      | Gained mutation: Your skin blends seamlessly with your
                  | surroundings (Stealth++). [potion of mutation]
  1667 | D:2      | 1667 ||| DRINKING 3 bubbling blue potions.
  1668 | D:2      | 1668 ||| DROPPING potion of brilliance.
  1691 | D:3      | Reached XP level 4. HP: 27/28 MP: 4/4
  1792 | D:3      | Noticed Jessica
  1802 | D:3      | Killed Jessica
  1803 | D:3      | Reached skill level 4 in Axes
  1880 | D:3      | 1880 ||| Stepping ~*~*~tactically~*~*~ (stealth).
  1881 | D:3      | 1881 ||| Stepping ~*~*~tactically~*~*~ (stealth).
  1894 | D:3      | 1894 ||| Stepping ~*~*~tactically~*~*~ (stealth).
  1895 | D:3      | 1895 ||| Stepping ~*~*~tactically~*~*~ (stealth).
  1916 | D:3      | 1916 ||| Stepping ~*~*~tactically~*~*~ (stealth).
  2084 | D:3      | Identified the +4 dagger "Jokeatug" {vorpal, rPois rF+
                  | Int+4}
  2114 | D:3      | 2114 ||| Stepping ~*~*~tactically~*~*~ (stealth).
  2115 | D:3      | 2115 ||| Stepping ~*~*~tactically~*~*~ (stealth).
  2260 | D:3      | Reached XP level 5. HP: 32/32 MP: 5/5
  2429 | D:3      | 2429 ||| READING scroll labelled QEEXZANUUD.
  2550 | D:4      | Noticed a water moccasin
  2563 | D:4      | Killed a water moccasin
  2564 | D:4      | Reached skill level 5 in Axes
  2564 | D:4      | Reached XP level 6. HP: 26/37 MP: 6/6
  2964 | D:4      | Reached skill level 6 in Axes
  3018 | D:4      | Reached XP level 7. HP: 41/44 MP: 7/7
  3152 | D:4      | Found a sacrificial altar of Ru.
  3411 | D:4      | 3411 ||| DROPPING amulet of magic regeneration.
  3412 | D:4      | 3412 ||| READING scroll labelled PYABRO ETOIPAG.
  3548 | D:5      | Entered Level 5 of the Dungeon
  3558 | D:5      | 3558 ||| Stepping ~*~*~tactically~*~*~ (stealth).
  3755 | D:5      | 3755 ||| Stepping ~*~*~tactically~*~*~ (hiding).
  3756 | D:5      | 3756 ||| Stepping ~*~*~tactically~*~*~ (hiding).
  3764 | D:5      | Reached skill level 7 in Axes
  3782 | D:5      | 3782 ||| Stepping ~*~*~tactically~*~*~ (stealth).
  3794 | D:5      | 3794 ||| Stepping ~*~*~tactically~*~*~ (stealth).
  3795 | D:5      | 3795 ||| Stepping ~*~*~tactically~*~*~ (stealth).
  3833 | D:5      | 3833 ||| FLEEEEING.
  3834 | D:5      | 3834 ||| FLEEEEING.
  3835 | D:5      | 3835 ||| FLEEEEING.
  3836 | D:5      | 3836 ||| FLEEEEING.
  3837 | D:5      | 3837 ||| STAIRDANCE
  3974 | D:5      | Reached skill level 1 in Dodging
  3974 | D:5      | Reached XP level 8. HP: 15/49 MP: 8/8
  4399 | D:5      | Noticed Blork the orc
  4400 | D:5      | 4400 ||| Stepping ~*~*~tactically~*~*~ (hiding).
  4401 | D:5      | 4401 ||| Stepping ~*~*~tactically~*~*~ (hiding).
  4406 | D:5      | 4406 ||| Stepping ~*~*~tactically~*~*~ (stealth).
  4414 | D:5      | Killed Blork the orc
  4427 | D:5      | Reached skill level 8 in Axes
  4580 | D:5      | 4580 ||| DROPPING +2 whip of venom.
  4628 | D:5      | Reached skill level 6 in Fighting
  5232 | D:5      | Reached skill level 9 in Axes
  5232 | D:5      | Reached XP level 9. HP: 55/55 MP: 9/9
  5241 | D:5      | 5241 ||| Stepping ~*~*~tactically~*~*~ (stealth).
  5270 | D:5      | 5270 ||| UPGRADING to amulet of the acrobat.
  5275 | D:5      | 5275 ||| UPGRADING to amulet of reflection.
  5285 | D:5      | 5285 ||| DROPPING amulet of the acrobat.
  5286 | D:5      | 5286 ||| DROPPING amulet of regeneration.
  5287 | D:5      | 5287 ||| READING scroll labelled ROJUHOAW SACK.
  5288 | D:5      | 5288 ||| READING scroll labelled DODIBY IPTATSY.
  5340 | D:6      | 5340 ||| Stepping ~*~*~tactically~*~*~ (hiding).
  5437 | D:6      | 5437 ||| Stepping ~*~*~tactically~*~*~ (stealth).
  5438 | D:6      | 5438 ||| Stepping ~*~*~tactically~*~*~ (stealth).
  5440 | D:6      | 5440 ||| Stepping ~*~*~tactically~*~*~ (stealth).
  5441 | D:6      | 5441 ||| Stepping ~*~*~tactically~*~*~ (stealth).
  5443 | D:6      | 5443 ||| Stepping ~*~*~tactically~*~*~ (hiding).
  5616 | D:6      | Noticed Edmund
  5631 | D:6      | Killed Edmund
  5833 | D:6      | 5833 ||| DROPPING +0 flail.
  6037 | D:6      | 6037 ||| UPGRADING to +0 kite shield.
  6047 | D:6      | 6047 ||| DROPPING +0 buckler.
  6048 | D:6      | 6048 ||| READING scroll labelled DUV MARUPPOROS.
  6049 | D:6      | 6049 ||| READING 2 scrolls of identify.
  6049 | D:6      | 6049 ||| IDENTIFYING murky black potion
  6050 | D:6      | 6050 ||| DROPPING potion of degeneration.
  6099 | D:7      | 6099 ||| Stepping ~*~*~tactically~*~*~ (hiding).
  6103 | D:7      | 6103 ||| Stepping ~*~*~tactically~*~*~ (hiding).
  6104 | D:7      | 6104 ||| Stepping ~*~*~tactically~*~*~ (hiding).
  6119 | D:7      | 6119 ||| Stepping ~*~*~tactically~*~*~ (stealth).
  6240 | D:7      | HP: 13/56 [ogre/+0 giant spiked club (16)]
  6241 | D:7      | 6241 ||| READING 2 scrolls of teleportation.
  6241 | D:7      | HP: 5/56 [ogre/+0 giant spiked club (9)]
  6241 | D:7      | Mangled by an ice beast

Levels and vault maps discovered:
D:1:      dpeg_arrival_simpleton_b, layout_basic, lemuel_flame_loot_1
D:2:      layout_rooms, hellmonk_ecumenical_altar_lost_god
D:3:      layout_loops_cross, amcnicky_mini_rare_corridor_liquid, uniq_jessica
D:4:      layout_loops_ring, nicolae_ru_the_path_less_chosen, serial_bayou,
          serial_bayou_lagoon_a, serial_bayou_pond_c, serial_bayou_shore_a,
          serial_bayou_crossing, serial_bayou_pond_a, minmay_misc_feat_tower
D:5:      minmay_octagon_keep, layout_basic, minmay_misc_feat_chi,
          uniq_blork_the_orc
D:6:      layout_basic, uniq_edmund
D:7:      nzn_winding_woodlands_cross [nzn_winding_woodlands_5x15_parted,
          nzn_winding_woodlands_5x15_split_checker,
          nzn_winding_woodlands_5x15_jagged, nzn_winding_woodlands_5x15_default,
          nzn_winding_woodlands_15x15_killbox], layout_basic,
          minmay_temple_entry_waves, hangedman_misty_isle

Skill      XL: |  1  2  3  4  5  6  7  8  9 |
---------------+----------------------------+-----
Axes           | 2 3 4 5 6 7 9 |  9.0
Fighting       | 4 5 6 |  6.7
Dodging        | 1 |  1.5
Armour         | 4 5 |  5.2
Shields        | 5 |  5.6

Action                   |  1- 3 |  4- 6 |  7- 9 || total
-------------------------+-------+-------+-------++-------
Melee: War axe           |   165 |   117 |   278 ||   560
  Use: Scroll            |     5 |     1 |     6 ||    12
       Potion            |     3 |       |       ||     3
Armor: Scale mail        |    56 |       |       ||    56
       Chain mail        |    40 |       |       ||    40
       Plate armour      |       |    80 |   284 ||   364
Dodge: Dodged            |    74 |    27 |    98 ||   199
Block: Buckler           |    29 |    22 |    62 ||   113
       Kite shield       |       |       |    28 ||    28

Table legend:
 A = Non-vault XP
 B = Vault XP
 C = Vault XP percentage of total XP
 D = Non-vault monster count
 E = Vault monster count
 F = Vault count percentage of total count
                 A         B        C        D         E       F
            +---------+---------+-------+---------+---------+-------
      Total |    2538 |     967 |  27.6 |     108 |      16 |  12.9
            +---------+---------+-------+---------+---------+-------
        D:1 |      46 |       0 |   0.0 |      30 |       0 |   0.0
        D:2 |      35 |       0 |   0.0 |      11 |       0 |   0.0
        D:3 |      49 |      37 |  43.0 |      15 |       1 |   6.2
        D:4 |     540 |       0 |   0.0 |      12 |       0 |   0.0
        D:5 |    1073 |     637 |  37.3 |      19 |      13 |  40.6
        D:6 |     599 |     164 |  21.5 |      11 |       1 |   8.3
        D:7 |     196 |     129 |  39.7 |      10 |       1 |   9.1
            +---------+---------+-------+---------+---------+-------
